 Dungeon Crawl Stone Soup version 0.17-a0-18-gc25b939 (webtiles) character file.

422 Herrn the Skirmisher (level 6, -5/39 HPs)
             Began as a Gargoyle Wanderer on Mar 11, 2015.
             Was an Initiate of Okawaru.
             Slain by an orc warrior
             ... wielding a +0 hand axe
              (10 damage)
             ... on level 4 of the Dungeon.
             The game lasted 00:16:01 (4997 turns).

Herrn the Skirmisher (Gargoyle Wanderer)            Turns: 4997, Time: 00:16:01

Health: -5/39      AC:  9    Str: 16    XL:     6   Next: 95%
Magic:  8/8        EV: 14    Int: 15    God:    Okawaru [......]
Gold:   186        SH:  5    Dex:  8    Spells: 2 memorised, 5 levels left

rFire  . . .     SeeInvis .     c - +0 war axe
rCold  + . .     Clarity  .     m - +1 robe {rN+}
rNeg   + + .     SustAb   .     e - +0 buckler
rPois  ∞         Gourm    .     (no helmet)
rElec  +         Spirit   .     o - +0 cloak
rCorr  .         Warding  .     (no gloves)
rMut   .         Stasis   .     (no boots)
MR     .....                    (no amulet)
Stlth  +++.......               (no ring)
                                g - ring of protection from cold

@: heroism, very slightly contaminated, starving, hasted, very quick, not
resistant to hostile enchantments, fairly stealthy
A: negative energy resistance 1, electricity resistance, unbreathing,
petrification resistance, rot immunity, AC +4
a: Renounce Religion


You were on level 4 of the Dungeon.
You worshipped Okawaru.
Okawaru was noncommittal.
You were starving.

You visited 2 branches of the dungeon, and saw 5 of its levels.

You collected 186 gold pieces.

Inventory:

Hand weapons
 c - a +0 war axe (weapon)
 l - a cursed -2 hand axe
 r - a cursed -2 flail
 s - a cursed -1 hand axe
Armour
 e - a +0 buckler (worn)
 m - a +1 robe of positive energy (worn)
 n - a +0 chain mail
 o - a +0 cloak (worn)
Jewellery
 g - a ring of protection from cold (left hand)
Scrolls
 b - 4 scrolls of teleportation
 k - 4 scrolls of identify
 p - 2 scrolls of remove curse
 q - a scroll of blinking {unknown}
Potions
 d - 2 potions of lignification {unknown}
 j - a potion of restore abilities
 t - a potion of might {unknown}
Books
 a - a book of Conjurations

   Spells                             Type                      Level
   a - Magic Dart                     Conjuration                  1
   b - Searing Ray                    Conjuration                  2
   c - Dazzling Spray                 Conjuration/Hexes            3
   d - Fulminant Prism                Conjuration/Hexes            4
   e - Iskenderun's Mystic Blast      Conjuration                  4
   f - Iskenderun's Battlesphere      Conjuration/Charms           5
 u - a book of Geomancy

   Spells                             Type                      Level
   a - Sandblast                      Earth                        1
   b - Stoneskin                      Transmutation/Earth          2
   c - Passwall                       Transmutation/Earth          3
   d - Stone Arrow                    Conjuration/Earth            3
   e - Petrify                        Transmutation/Earth          4
   f - Lee's Rapid Deconstruction     Earth                        5
Comestibles
 f - 3 bread rations
 h - 2 fruits


   Skills:
 + Level 4.4(9.4) Fighting
 * Level 2.0(7.0) Axes
 * Level 2.8(7.8) Armour
 + Level 2.8(7.8) Dodging
 - Level 1.1(6.1) Stealth
 * Level 1.8(6.8) Shields
 - Level 1.0 Spellcasting
 - Level 3.5 Conjurations
   Level 2.4 Earth Magic
 * Level 1.2 Invocations


You had 5 spell levels left.
You knew the following spells:

 Your Spells              Type           Power        Failure   Level  Hunger
a - Flame Tongue          Conj/Fire      #....        12%         1    ##.....
b - Magic Dart            Conj           ##..         8%          1    ##.....


Dungeon Overview and Level Annotations

Branches:
Dungeon (4/15)             Temple (1/1) D:4

Altars:
Elyvilon
Nemelex Xobeh
Okawaru
Sif Muna
Trog


Innate Abilities, Weirdness & Mutations

You are resistant to torment.
You are immune to poison.
Your stone body is very resilient (AC +4).
You resist negative energy.
You are resistant to electric shocks.
You can survive without breathing.
You are immune to petrification.
You are immune to rotting.


Message History

The orc warrior hits you with a hand axe!
You hit the orc warrior.
The orc warrior is lightly wounded.
The orc warrior barely misses you.
You closely miss the orc warrior.
The orc warrior is lightly wounded.
The orc warrior barely misses you.
You barely miss the orc warrior.
The orc warrior is lightly wounded.
The orc warrior hits you with a hand axe!
* * * LOW HITPOINT WARNING * * *
Drink which item? (? for menu, Esc to quit)
You feel yourself speed up.
The orc warrior hits you with a hand axe.
* * * LOW HITPOINT WARNING * * *
You are very lightly contaminated with residual magic.
You hit the orc warrior but do no damage.
The orc warrior is lightly wounded.
The orc warrior hits you with a hand axe!
You die...

###.......... #.##.#.......
#............. #.##.#..##..#
#.###.######..# #.##.#..##..#
#.##.##.## #..# #.##.........
#.#.###.(# #.. ####.......#....
#.#.#...####.. ..####.##.#.#.#
##.##.##...##.# #.###.(.#.#.#.#
#..#.#..8.#.#.#####.##.#.o.((....
#..###.#.8..#...@oo......##.#.#.#
#..##....(....#####.##.#.#.##.#..
#..##..###..#.#####[###...###....
#..#..#.###.#...[)..##...## #####
#....####.###.########.### #
#..###.....##.# #.# #
#.............#### #.# #
#....##.##.#.....# #.# #######
####.......#.....## #.####......


You could see an orc warrior and an orc.

Vanquished Creatures
  An ogre (D:4)
  An orc priest (D:4)
  2 orc wizards (D:4)
  4 worker ants (D:4)
  5 adders
  5 giant geckos
  20 orcs
  7 giant cockroaches
  12 goblins
  9 hobgoblins
  4 jackals
  A quokka (D:4)
  12 bats
  A giant newt (D:2)
  8 kobolds
  11 rats
103 creatures vanquished.

Notes
Turn   | Place    | Note
--------------------------------------------------------------
     0 | D:1      | Herrn, the Gargoyle Wanderer, began the quest for the Orb.
     0 | D:1      | Herrn set off with: a book of Conjurations, a scroll of teleportation, Nyuggizi's Collected Works on Attacks, a +0 robe, a +0 club, a bread ration
     0 | D:1      | Reached XP level 1. HP: 14/14 MP: 2/2
     2 | D:1      | Learned a level 1 spell: Flame Tongue
     4 | D:1      | Learned a level 1 spell: Magic Dart
   254 | D:1      | Reached XP level 2. HP: 19/19 MP: 0/3
   956 | D:2      | Reached skill level 4 in Fighting
  1000 | D:2      | Reached XP level 3. HP: 20/24 MP: 1/4
  1081 | D:2      | Found a white marble altar of Elyvilon.
  1090 | D:2      | Found a bloodstained altar of Trog.
  1329 | D:2      | Reached skill level 1 in Armour
  2199 | D:3      | Reached XP level 4. HP: 24/29 MP: 1/5
  2356 | D:3      | Reached skill level 1 in Dodging
  3359 | D:4      | Reached XP level 5. HP: 18/33 MP: 7/7
  3369 | D:4      | Noticed an orc warrior
  3392 | D:4      | Found a staircase to the Ecumenical Temple.
  3397 | Temple   | Entered the Ecumenical Temple
  3414 | Temple   | Became a worshipper of Warmaster Okawaru
  3794 | D:4      | Reached skill level 1 in Axes
  4030 | D:4      | Reached XP level 6. HP: 26/38 MP: 1/8
  4352 | D:4      | Noticed an ogre
  4367 | D:4      | Killed an ogre
  4367 | D:4      | Acquired Okawaru's first power
  4477 | D:4      | Reached skill level 1 in Invocations
  4557 | D:4      | HP: 1/39 [orc warrior/hand axe (12)]
  4997 | D:4      | Slain by an orc warrior

Action                   |  1- 3 |  4- 6 || total
-------------------------+-------+-------++-------
Melee: Club              |    88 |       ||    88
       War axe           |       |   259 ||   259
 Cast: Flame Tongue      |    51 |    34 ||    85
Invok: Heroism           |       |     1 ||     1
  Use: Scroll            |     5 |     1 ||     6
       Potion            |       |     3 ||     3
 Stab: Sleeping          |       |     1 ||     1
  Eat: Chunk             |     5 |    10 ||    15
